zAzzA, chaotic female orcish Rogue ---------------- |.@............| |..B............# |......^.......|# -.--------------# # # ### # # # ### # # # ### # # -|------------ # ----------- # |............| # |<...(....- ` ### |............| ##..........| `####### # |............| |.........| ##.............| ----------- -------------- zAzzA the Cutpurse Experience level: 3 Strength: 9 Dexterity: 18 Constitution: 14 Intelligence: 11 Wisdom: 13 Charisma: 10 Health: 0(27) Energy: 16(16) Def: 3 Gold: 522 Moves: 2773 Dungeon seed: lAlNdgUP27EZKmsL Game ID: zAzzA_1525949331 Your Inventory: Coins $ - 522 gold pieces Weapons a - a +0 orcish short sword (weapon in hand) b - 12 +0 orcish daggers (in quiver) Armor e - an uncursed +1 leather armor (being worn) Comestibles h - 2 uncursed food rations i - an uncursed tripe ration p - an uncursed fortune cookie x - 2 uncursed sprigs of wolfsbane Scrolls C - an uncursed scroll of enchant armor D - an uncursed scroll of light Spellbooks k - an uncursed spellbook of drain life q - an uncursed spellbook of protection I - an uncursed spellbook of sleep Potions c - an uncursed potion of sickness j - an uncursed potion of sleeping r - an uncursed potion of water s - an uncursed potion of hallucination t - an uncursed potion of levitation J - an uncursed potion of enlightenment Tools d - an uncursed lock pick f - an uncursed sack g - an uncursed blindfold l - an uncursed towel Gems n - an uncursed worthless piece of black glass Spells and supernatural/magical abilities: Name Level Category Fail Memory W - pray for help -- divine ? -- Your skills at the end: Fighting Skills Weapon Skills dagger [Basic] short sword [Basic] Spellcasting Skills Final Attributes: You were piously aligned. You were poison resistant. You had infravision. You were stealthy. You are dead. Vanquished creatures: 2 orc zombies an iguana a giant rat a yellow mold a gnome 2 geckos 6 jackals a fox 6 sewer rats 3 grid bugs 5 lichens 6 newts 35 creatures vanquished. Voluntary challenges: You used a wielded weapon 59 times, starting on turn 148. You were illiterate. You never genocided any monsters. You never polymorphed an object. You never changed form. You used no wishes. You never split a pudding. You never wrote Elbereth's name. You never violated your personal moral code. Dungeon overview: The Dungeons of Doom: levels 1 to 5 Level 1 a fountain a long staircase Level 2 a general store, a fountain Level 3 a long staircase Level 4 Level 5 <- You were here History has recorded: On T:1 you entered the Dungeons of Doom to retrieve the Amulet of Yendor! On T:823 you reached level 2 of The Dungeons of Doom. On T:1536 you reached level 3 of The Dungeons of Doom. On T:1568 you advanced to experience level 2. On T:1982 you reached level 4 of The Dungeons of Doom. On T:2086 you advanced to experience level 3. On T:2569 you reached level 5 of The Dungeons of Doom. Score breakdown: Gold: 522 ( 9247 points) Experience: 3 levels ( 7878 points) Exploration: 5 levels ( 10.87%) ( 8944 points) Discoveries: 0 items ( 0.00%) ( 0 points) Valuables value: (no points given unless you survive) Artifact value: 0 ( 0 points) Variety of kills: 12 monsters ( 3.15%) ( 5324 points) Turncount: 2773 turns ( -483 points) Survival: died (score multiplied by 80%) Total score: 24728 Latest messages: You hear a jackal howling at the moon. You try to move the boulder, but in vain. You hear someone counting money. The giant bat bites! (4x) The giant bat just misses! The giant bat bites! You begin praying to Kos. You are surrounded by a shimmering light. The giant bat starts to attack you, but pulls back. (5x) You feel that Kos is well-pleased. You feel much better. You hit the giant bat. The giant bat bites! You hit the giant bat! The giant bat bites! (4x) You miss the giant bat. You hear a door open. (2x) The giant bat bites! (2x) You die... The sack is empty. The sack is empty. Final status: Goodbye zAzzA the Rogue, killed by a giant bat... You died in The Dungeons of Doom on dungeon level 5 with 24728 points, and 522 pieces of gold, after 2773 moves. You were level 3 with a maximum of 27 hit points when you died.